[Event "Late-Titled-Tuesday-Blitz-January-30-2024"]
[Site "Chess.com"]
[Date "2024.01.30"]
[Round "3"]
[White "mbojan"]
[Black "GM4life"]
[Result "1-0"]
[WhiteElo "2858"]
[BlackElo "2563"]
[TimeControl "180+1"]
[EndTime "14:30:34 PST"]
[Termination "mbojan won by checkmate"]

1. a3 d5 2. Nf3 Nf6 3. d3 c5 4. g3 Nc6 5. Bg2 g6 6. O-O Bg7 7. Nc3 O-O 8. Rb1 d4 9. Na4 Qa5 10. c4 dxc3 11. Nxc3 Be6 12. Be3 Rfd8 13.
Qa4 Qxa4 14. Nxa4 b6 15. b4 c4 16. Rfc1 Nd5 17. Bd2 cxd3 18. Rxc6 Bd7 19. b5 Bxc6 20.
bxc6 dxe2 21. Ne1 Rac8 22. Bf3 Rxc6 23. Bxe2 Re6 24. Bf3 h5 25. Kf1 Nf6 26. Bc3 Ng4 27. Bxg7 Nxh2+ 28. Kg2 Nxf3 29. Nxf3 Kxg7 30. Nc3 Rd3 31.
Nb5 Rc6 32. Nxa7 Rf6 33. Ng5 Rxa3 34. Nb5 Ra2 35. Ne4 Rf5 36. Nbc3 Ra6 37. Rb2 Re5 38. f4 Rea5 39. Kh3 Ra1 40. Rd2 Re1 41. Rd7 Ra3 42. Rc7 Re3 43. Kg2 b5 44. Kf2 Rd3 45. Ke2 Rd4 46. Ke3 Rc4 47. Rxc4 bxc4 48. Kd4 Ra1 49. Kxc4 f5 50. Ng5 Rg1 51. Ne2 Rg2 52. Kd3 Kf6 53. Nf3 Rf2 54. Ke3 Rf1 55. Ned4 Ra1 56. Ne2 Ra3+ 57. Kf2 Ke6 58. Ng5+ Kd5 59. Nf3 Ke4 60. Ng5+ Kd3 61. Nf3 Ra2 62. Ne5+ Ke4 63. Nf3 e6 64. Ne5 Rb2 65. Nf3 e5 66. fxe5 Kd5 67. Ke3 Rb3+ 68. Kf4 Rb4+ 69. Kg5 Rg4+ 70. Kf6 f4 71. gxf4 Ke4 72.
e6 Rg2 73. e7 Rxe2 74. e8=Q+ Kxf3 75. Qxg6 Kxf4 76. Qg5+ Ke4 77. Qxh5 Rf2+ 78. Ke6 Rf4 79. Qd5+ Ke3 80. Ke5 Rg4 81. Qb3+ Kf2 82. Kf5 Rg3 83. Qc2+ Kg1 84. Kf4 Rg2 85. Qd1+ Kh2 86. Qh5+ Kg1 87. Qh4 Rf2+ 88. Ke3 Rg2 89. Kf3 Rf2+ 90. Qxf2+ Kh1 91. Qg2# 1-0

[Event "Late-Titled-Tuesday-Blitz-January-30-2024"]
[Site "Chess.com"]
[Date "2024.01.30"]
[Round "3"]
[White "vesalhamedinia"]
[Black "rookoco"]
[Result "1-0"]
[WhiteElo "2469"]
[BlackElo "2594"]
[TimeControl "180+1"]
[EndTime "14:30:48 PST"]
[Termination "vesalhamedinia won by resignation"]

1. d4 Nf6 2. c4 g6 3. Nc3 Bg7 4. Nf3 d5 5. Bf4 O-O 6. e3 c6 7. cxd5 Nxd5 8. Bg3 Qa5 9. Qb3 Be6 10. Bc4 b5 11. Bxd5 Bxd5 12. Qd1 Bc4 13. Nd2 Be6 14.
O-O Nd7 15. Qf3 b4 16. Nce4 c5 17. Ng5 cxd4 18. Nxe6 fxe6 19. Qe4 Qd5 20. exd4 Bxd4 21. Rab1 Nc5 22. Qe2 Qxa2 23. Nf3 Bf6 24. Rfc1 Rac8 25. Re1 Rfd8 26. h4 Qd5 27. Red1 Qe4 28. Qb5 Nd3 29. Nd2 Qd5 30. Qa6 Qc5 31. Ne4 Qc6 32. Nxf6+ exf6 33. Qa5 Rd5 34. Qxa7 Ra8 35. Qe3 Rad8 36. Rd2 e5 37. Rbd1 Qc4 38. h5 Kg7 39. h6+ Kf7 40. Qa7+ R8d7 41.
Qb8 g5 42. Qh8 Kg6 43. Qg8+ Kxh6 44. Qf8+ Kg6 45. Qg8+ Kf5 46. f3 Qc5+ 47. Kh2 Nf4 48. Bxf4 Rxd2 49. Rxd2 Rxd2 50. Bxd2 Qd4 51. Qc8+ Kg6 52.
Be1 Qf4+ 53. Bg3 Qd4 54. Qg8+ Kf5 55. Qc8+ Kg6 56. Qc2+ Kg7 57. Bf2 Qf4+ 58. Bg3 Qd4 59. b3 h5 60. Qc7+ Kg6 61. Qc2+ Kh6 62. Bf2 Qf4+ 63.
Kg1 g4 64. fxg4 hxg4 65. Qe2 Kg6 66. Be3 Qe4 67. Qd2 g3 68. Qe1 Qg4 69. Bc5 Kh5 70.
Bxb4 f5 71. Bd2 e4 72. Be3 f4 73. Bd4 f3 74. gxf3 exf3 75. Qe5+ Kh4 76. Qf6+ Kh5 77. Qh8+ Kg5 78. Qg7+ Kf5 79. Qxg4+ Kxg4 80. b4 Kf5 81. b5 Ke4 82. b6 Kxd4 83. b7 f2+ 84. Kg2 Ke3 85.
b8=Q Ke2 86. Qe5+ 1-0

[Event "Late-Titled-Tuesday-Blitz-January-30-2024"]
[Site "Chess.com"]
[Date "2024.01.30"]
[Round "3"]
[White "The_Machine04"]
[Black "ozen_metehan"]
[Result "0-1"]
[WhiteElo "2715"]
[BlackElo "2472"]
[TimeControl "180+1"]
[EndTime "14:30:50 PST"]
[Termination "ozen_metehan won by checkmate"]

1. d4 Nf6 2. Nf3 e6 3. Nbd2 c5 4. e3 b6 5. c3 Bb7 6. Bd3 cxd4 7. exd4 Be7 8. O-O O-O 9. Qe2 d6 10. Re1 Nbd7 11. Ne4 Nxe4 12. Bxe4 Bxe4 13. Qxe4 Nf6 14. Qe2 Qc7 15. a4 a6 16. Bf4 Qb7 17. Bg5 Nd5 18. Bxe7 Qxe7 19. Qe4 Nf6 20. Qh4 Qb7 21.
Re3 b5 22. a5 Rac8 23. Ng5 h6 24. Nf3 b4 25. Qg3 bxc3 26. bxc3 Qb2 27. Rae1 Rfd8 28.
h3 Rxc3 29. Nh2 Rxe3 30. fxe3 Ne4 31. Qf4 d5 32. Rf1 Rf8 33. Ng4 Qb8 34. Ne5 f6 35.
Ng6 Qxf4 36. Nxf4 Kf7 37. Rc1 Re8 38. Rc6 g5 39. Nd3 Ra8 40. Nb4 Nd2 41. Nxa6 Nc4 42.
Rc7+ Kg6 43. Nc5 Rxa5 44. Nxe6 Kf5 45. Nc5 Nxe3 46. Kf2 Nc4 47. Re7 Ra2+ 48. Kf3 Ra3+ 49. Kf2 Ra2+ 50. Kg1 Rd2 51. Ne6 h5 52. Ng7+ Kg6 53.
g4 hxg4 54. hxg4 Rxd4 55. Kf2 Rxg4 56. Ne6 Re4 57. Nf8+ Kf5 58. Rd7 d4 59. Rd5+ Ne5 60. Nh7 g4 61. Rd6 Rf4+ 62. Kg2 Kg6 63. Nf8+ Kf7 64. Nd7 Nxd7 65. Rxd7+ Ke6 66. Rd8 Ke5 67. Re8+ Kf5 68. Kg3 Rf3+ 69. Kg2 d3 70. Rd8 Kf4 71. Rd4+ Kg5 72. Rd5+ f5 73. Rd8 Kf4 74. Rd4+ Ke5 75. Rd8 Re3 76. Re8+ Kf4 77. Rd8 Re2+ 78. Kf1 Re3 79.
Kf2 Rf3+ 80. Kg2 g3 81. Rd4+ Ke3 82. Rd8 Ke4 83. Re8+ Kf4 84. Rd8 Rf2+ 85. Kg1 d2 86.
Rd3 Re2 87. Kf1 Re1+ 88. Kg2 d1=Q 89. Rxd1 Rxd1 90. Kh3 Rd2 91. Kh4 Rh2# 0-1

[Event "Late-Titled-Tuesday-Blitz-January-30-2024"]
[Site "Chess.com"]
[Date "2024.01.30"]
[Round "3"]
[White "GoValya"]
[Black "OPQRC"]
[Result "0-1"]
[WhiteElo "2305"]
[BlackElo "2546"]
[TimeControl "180+1"]
[EndTime "14:31:07 PST"]
[Termination "OPQRC won on time"]

1. d4 d5 2. c4 c6 3. g3 Nf6 4. Bg2 e6 5. Nf3 Bb4+ 6. Bd2 Be7 7. O-O O-O 8. cxd5 cxd5 9. Nc3 b6 10. Rc1 Ba6 11. Re1 Nbd7 12. Qa4 Bb7 13. Bf4 Nh5 14.
Bd2 a6 15. e4 b5 16. Qb3 Nb6 17. Ne5 Nf6 18. exd5 Nfxd5 19. Nxd5 Bxd5 20. Bxd5 Qxd5 21. Qe3 Rac8 22. b3 Bd6 23. Ba5 Bxe5 24. dxe5 Nd7 25. Rcd1 Qb7 26. Rd6 Nb8 27. Red1 Nc6 28. Rd7 Qb8 29. Bc3 Rfd8 30. Qf4 Rxd7 31. Rxd7 Rf8 32. h4 Qc8 33. Qd2 Rd8 34. Rxd8+ Qxd8 35. Qxd8+ Nxd8 36. Kg2 Kf8 37. Kf3 Ke8 38. Ke4 Kd7 39. Kd4 Kc6 40. f4 Kb6 41. b4 Nc6+ 42. Ke4 Kc7 43. a3 Kd7 44. g4 Ke7 45. f5 Kd7 46. h5 g6 47. hxg6 hxg6 48. f6 Nd8 49. Kf4 Nb7 50. Kg5 Nd8 51. Kh6 Nc6 52. Kg7 Ke8 53. Kg8 Na7 54.
Kg7 Nc8 55. Kg8 Nb6 56. Kg7 Nc4 57. Kh6 Nxa3 58. Kg5 Nb1 59. Be1 Na3 60. Kf4 Nc4 61. Ke4 Kd7 62. Kd4 Kc6 63. Bc3 Kb6 64. Be1 a5 65. bxa5+ Nxa5 66. Kc3 Nc6 67. Bf2+ Kc7 68. Be3 Nxe5 69. g5 Kc6 70. Kd4 Nd7 71. Kc3 Kd5 72. Kb4 Ke4 73. Ba7 Ne5 74. Kxb5 Nf3 75. Kc6 Nxg5 76.
Kd6 Kf5 77. Ke7 e5 78. Bb8 e4 79. Ba7 Kf4 80. Bb8+ Kf3 81. Ba7 e3 82. Bc5 e2 83.
Bb4 Kf2 84. Bc5+ Kf1 85. Bb4 Kf2 86. Bc5+ Kf1 87. Bb4 e1=Q+ 88. Bxe1 Kxe1 89. Kd6 Kf2 90. Ke5 Kg3 0-1

[Event "Late-Titled-Tuesday-Blitz-January-30-2024"]
[Site "Chess.com"]
[Date "2024.01.30"]
[Round "3"]
[White "Orest_Vovk"]
[Black "ansko1999"]
[Result "1/2-1/2"]
[WhiteElo "2505"]
[BlackElo "2665"]
[TimeControl "180+1"]
[EndTime "14:31:11 PST"]
[Termination "Game drawn - insufficient material"]

1. g4 d6 2. Bg2 Nc6 3. h3 e5 4. Bxc6+ bxc6 5. d4 exd4 6. Qxd4 c5 7. Qe4+ Be6 8. Qc6+ Bd7 9. Qe4+ Ne7 10. Nf3 Bc6 11.
Qe3 Qd7 12. Nc3 Qe6 13. Qxe6 fxe6 14. Ng5 Bxh1 15. f3 Kd7 16. Kf2 h5 17. Nf7 Rh7 18. Ng5 Rh6 19. Nge4 Rh8 20. g5 h4 21. Bd2 Bxf3 22. exf3 Nf5 23. Rd1 d5 24. Bf4 Kc6 25. Nd2 c4 26. Re1 Bc5+ 27. Kg2 Rae8 28.
Be5 Be3 29. Ndb1 Bxg5 30. b3 cxb3 31. cxb3 Bf6 32. Na3 Bxe5 33. Rxe5 Kd6 34. Re2 a6 35. Rd2 Ke5 36. Re2+ Kf4 37. Nc2 c5 38. Ne1 Kg5 39. Rf2 Kf6 40. f4 Rc8 41. Nf3 c4 42. b4 d4 43.
Ne4+ Ke7 44. Ne5 Rhd8 45. Nc5 Rxc5 46. bxc5 Rc8 47. c6 Kd6 48. Kf3 Rxc6 49. Nxc6 Kxc6 50. Ke4 Kc5 51. Rb2 c3 52. Rb8 a5 53. Rc8+ Kb4 54. Kd3 Ka3 55. Rc4 Kxa2 56. Ra4+ Kb3 57. Rxa5 Kb4 58.
Ra8 Kc5 59. Rc8+ Kd6 60. Rd8+ Ke7 61. Ra8 Kf6 62. Rf8+ Kg6 63. Re8 Kf7 64. Ra8 Kf6 65. Rf8+ Kg6 66. Re8 Kf7 67. Ra8 Ne7 68. Kxd4 Nd5 69.
Kd3 Nxf4+ 70. Kxc3 Nxh3 71. Ra4 g5 72. Ra7+ Kf6 73. Kd3 Kf5 74. Ke3 e5 75. Kf3 Nf4 76. Kf2 g4 77. Rf7+ Kg5 78. Rf8 e4 79. Rg8+ Ng6 80.
Re8 Kf5 81. Ke3 Ne5 82. Rf8+ Kg5 83. Kxe4 Ng6 84. Rf1 h3 85. Ke3 Kh4 86. Kf2 Nf4 87. Ra1 g3+ 88. Kf3 Nd3 89. Ra4+ Kg5 90. Ra5+ Kh4 91. Ra4+ Kg5 92. Kxg3 Ne5 93. Kxh3 Kf5 94. Ra5 Ke6 95. Ra8 Nd7 96. Ra6+ Kd5 97. Ra1 Ne5 98. Kg2 Ke4 99. Kf2 Nd3+ 100. Ke2 Nf4+ 101. Kd2 Nd5 102. Ra4+ Ke5 103. Kd3 Nf4+ 104. Ke3 Ne6 105. Ra5+ Kd6 106. Ke4 Nc5+ 107. Kd4 Nb3+ 108. Kc4 Nxa5+ 1/2-1/2

[Event "Late-Titled-Tuesday-Blitz-January-30-2024"]
[Site "Chess.com"]
[Date "2024.01.30"]
[Round "4"]
[White "Horokoskii"]
[Black "wild3000"]
[Result "0-1"]
[WhiteElo "2149"]
[BlackElo "2348"]
[TimeControl "180+1"]
[EndTime "14:33:38 PST"]
[Termination "wild3000 won by resignation"]

1. d4 a5 2. c4 h5 3. g3 h4 4. Bg2 d6 5. Qb3 a4 6. Qb4 Nc6 7. Qc3 e5 8. dxe5 dxe5 9. Nd2 Nf6 10. Ne4 h3 11. Nxf6+ Qxf6 12. Be4 Bd7 13. Nf3 Bb4 0-1

[Event "Late-Titled-Tuesday-Blitz-January-30-2024"]
[Site "Chess.com"]
[Date "2024.01.30"]
[Round "4"]
[White "OparinGrigoriy"]
[Black "NikolaGry"]
[Result "1-0"]
[WhiteElo "2990"]
[BlackElo "2714"]
[TimeControl "180+1"]
[EndTime "14:34:22 PST"]
[Termination "OparinGrigoriy won by resignation"]

1. g3 d5 2. Bg2 c6 3. Nf3 Nf6 4. c4 e6 5. O-O Be7 6. b3 O-O 7. Bb2 b6 8. d4 Ba6 9. Nbd2 Nbd7 10. Re1 Rc8 11. e4 dxe4 12. Nxe4 Nxe4 13. Rxe4 Nf6 14. Re3 Qc7 15. Qe2 Rfe8 16. Rd1 c5 17. Red3 Rcd8 18. Ne5 Bb7 19. dxc5 Rxd3 20. Rxd3 Bxg2 21. Kxg2 bxc5 22.
Qf3 Rc8 23. Rd7 1-0

[Event "Late-Titled-Tuesday-Blitz-January-30-2024"]
[Site "Chess.com"]
[Date "2024.01.30"]
[Round "4"]
[White "Malev212"]
[Black "ural58"]
[Result "1-0"]
[WhiteElo "2666"]
[BlackElo "2458"]
[TimeControl "180+1"]
[EndTime "14:35:18 PST"]
[Termination "Malev212 won by resignation"]

1. e4 d5 2. exd5 Qxd5 3. Nc3 Qa5 4. b4 Qxb4 5. Rb1 Qd6 6. Nf3 Nf6 7. Bc4 e6 8. O-O a6 9. d4 b5 10. Bb3 Bb7 11.
Re1 Be7 12. Bg5 O-O 13. d5 exd5 14. Nd4 g6 15. Qf3 Ne4 16. Bxe7 Qxe7 17. Nxd5 1-0

[Event "Late-Titled-Tuesday-Blitz-January-30-2024"]
[Site "Chess.com"]
[Date "2024.01.30"]
[Round "4"]
[White "Baby_Legs"]
[Black "NovakRatko"]
[Result "1-0"]
[WhiteElo "2606"]
[BlackElo "2404"]
[TimeControl "180+1"]
[EndTime "14:35:18 PST"]
[Termination "Baby_Legs won by resignation"]

1. c4 c6 2. d4 d5 3. Nf3 f6 4.
e3 e6 5. Nc3 Bd6 6. e4 dxe4 7.
Nxe4 Bb4+ 8. Bd2 Bxd2+ 9. Qxd2 Ne7 10. O-O-O Ng6 11. h4 f5 12. Nc3 O-O 13. h5 Ne7 14.
h6 g6 15. d5 cxd5 16. Qd4 Rf7 17. Ng5 Qf8 18. cxd5 exd5 19. Nxd5 Nbc6 20. Bc4 Nxd4 21. Nf6+ Kh8 22. Nxf7+ Qxf7 23. Bxf7 Nec6 24. Rhe1 Bd7 25. Nxd7 1-0

[Event "Late-Titled-Tuesday-Blitz-January-30-2024"]
[Site "Chess.com"]
[Date "2024.01.30"]
[Round "4"]
[White "Siemba"]
[Black "ameetghasi100"]
[Result "0-1"]
[WhiteElo "2542"]
[BlackElo "2749"]
[TimeControl "180+1"]
[EndTime "14:35:21 PST"]
[Termination "ameetghasi100 won by resignation"]

1. e4 g6 2. d4 d6 3. Nc3 Bg7 4.
h4 h6 5. h5 g5 6. Be3 a6 7. f3 Nc6 8. Nge2 e6 9. Qd2 Nge7 10.
O-O-O b5 11. Kb1 Rb8 12. Rc1 Bd7 13. d5 Ne5 14. Bd4 c5 15. dxe6 Bxe6 16. Bxe5 Bxe5 17. Nd5 Nxd5 18. exd5 Bd7 19. Re1 O-O 20. Nc1 c4 21. Ne2 Qf6 22. Qc1 b4 23. f4 gxf4 24.
Ng1 b3 25. axb3 cxb3 26. c3 Bf5+ 27. Ka1 Rb5 0-1

[Event "Late-Titled-Tuesday-Blitz-January-30-2024"]
[Site "Chess.com"]
[Date "2024.01.30"]
[Round "4"]
[White "ozen_metehan"]
[Black "mishanick"]
[Result "0-1"]
[WhiteElo "2472"]
[BlackElo "3128"]
[TimeControl "180+1"]
[EndTime "14:35:23 PST"]
[Termination "mishanick won by resignation"]

1. e4 c5 2. Nf3 e6 3. b3 Nc6 4. Bb2 Nh6 5. g3 d5 6. exd5 exd5 7. Bg2 Nf5 8. O-O Be7 9. c4 d4 10. d3 O-O 11. Nbd2 Be6 12. Ne4 h6 13. a3 b6 14. Re1 a5 15. Qd2 Qd7 16. Qf4 g5 17. Qc1 Ng7 18. Qc2 Rfe8 19. Re2 f5 20. Ned2 Bd6 21.
Rae1 Re7 22. Bc1 Rae8 23. Qd1 Bf7 24. Rxe7 Rxe7 25. Rxe7 Bxe7 26. Qe2 Bf6 27. h4 g4 28. Nh2 h5 29. Ndf1 a4 30. bxa4 Ne5 31. Bf4 Ng6 32. Bc1 Qxa4 33. Nd2 Qc2 34. Nhf1 Qxc1 0-1

[Event "Late-Titled-Tuesday-Blitz-January-30-2024"]
[Site "Chess.com"]
[Date "2024.01.30"]
[Round "4"]
[White "maurovargas01"]
[Black "VitaliyChayka"]
[Result "1-0"]
[WhiteElo "1871"]
[BlackElo "2420"]
[TimeControl "180+1"]
[EndTime "14:35:31 PST"]
[Termination "maurovargas01 won by checkmate"]

1. e4 d6 2. f4 c5 3. Nf3 Nc6 4.
Bb5 Bd7 5. O-O g6 6. d3 Bg7 7. Nc3 e6 8. Ne2 Nge7 9. a4 O-O 10. c3 a6 11. Bc4 Rb8 12. Qe1 b5 13.
axb5 axb5 14. Bb3 Qb6 15. Kh1 Ra8 16. Rxa8 Rxa8 17. Qh4 h6 18. f5 exf5 19. Bxh6 c4 20. dxc4 bxc4 21. Bxc4 Qc5 22. b3 fxe4 23. Ng5 d5 24.
Bxg7 Kxg7 25. Rxf7+ Kg8 26. Qh7# 1-0

[Event "Late-Titled-Tuesday-Blitz-January-30-2024"]
[Site "Chess.com"]
[Date "2024.01.30"]
[Round "4"]
[White "Navyblue1"]
[Black "Narek_Ghimoyan"]
[Result "0-1"]
[WhiteElo "2159"]
[BlackElo "2373"]
[TimeControl "180+1"]
[EndTime "14:35:40 PST"]
[Termination "Narek_Ghimoyan won by resignation"]

1. d4 g6 2. c4 Bg7 3. Nc3 c5 4. d5 Bxc3+ 5. bxc3 f5 6. Bg5 Nf6 7. Nf3 d6 8. e3 Kf7 9. Bxf6 exf6 10. Be2 Kg7 11. O-O Nd7 12. Nd2 b6 13. e4 f4 14. Re1 Ne5 15. Nf3 h5 16. Qc2 g5 17.
Nxe5 fxe5 18. a4 g4 19. g3 Qg5 20. a5 bxa5 21. Rxa5 h4 22. Rea1 hxg3 23. Rxa7+ Rxa7 24. Rxa7+ Kf6 25. fxg3 fxg3 26. hxg3 Qe3+ 27. Kg2 Rh3 0-1

[Event "Late-Titled-Tuesday-Blitz-January-30-2024"]
[Site "Chess.com"]
[Date "2024.01.30"]
[Round "4"]
[White "BardArtem"]
[Black "Boninknights"]
[Result "1-0"]
[WhiteElo "2773"]
[BlackElo "2420"]
[TimeControl "180+1"]
[EndTime "14:35:41 PST"]
[Termination "BardArtem won by resignation"]

1. e4 c6 2. Nf3 a6 3. d4 d5 4. exd5 cxd5 5. Ne5 Nc6 6. c3 Nxe5 7. dxe5 Bf5 8. Nd2 e6 9. Nf3 Bc5 10. Be2 Ne7 11.
O-O O-O 12. Bf4 Ng6 13. Bg3 f6 14. exf6 Qxf6 15. Bd3 Bg4 16. Be2 Rad8 17. Qa4 Nf4 18. Qxf4 Qxf4 19. Bxf4 Rxf4 20. Rae1 Rdf8 21. Bd1 Bf5 22. g3 Re4 23. Nd2 Bxf2+ 24. Kxf2 Bh3+ 25. Kg1 Bxf1 26. Nxe4 Bh3 27. Ng5 1-0

[Event "Late-Titled-Tuesday-Blitz-January-30-2024"]
[Site "Chess.com"]
[Date "2024.01.30"]
[Round "4"]
[White "Siniauski"]
[Black "shimastream"]
[Result "0-1"]
[WhiteElo "2615"]
[BlackElo "3012"]
[TimeControl "180+1"]
[EndTime "14:35:42 PST"]
[Termination "shimastream won by resignation"]

1. e4 c5 2. Nf3 e6 3. c4 Nc6 4. Be2 g5 5. h3 Bg7 6. d3 h6 7.
Nc3 d6 8. Be3 Nd4 9. Qd2 Ne7 10.
O-O Nec6 11. Nh2 Bd7 12. f4 gxf4 13. Bxf4 Ne5 14. Ng4 Qe7 15. Rae1 h5 16. Nxe5 dxe5 17. Bh2 O-O-O 18. a3 Rdg8 19. b4 f6 20. Qd1 cxb4 21.
axb4 Qxb4 22. Qa1 Nc2 23. Rb1 Qc5+ 0-1

[Event "Late-Titled-Tuesday-Blitz-January-30-2024"]
[Site "Chess.com"]
[Date "2024.01.30"]
[Round "4"]
[White "marcodobrikov"]
[Black "SantoBlue"]
[Result "0-1"]
[WhiteElo "2611"]
[BlackElo "2971"]
[TimeControl "180+1"]
[EndTime "14:35:44 PST"]
[Termination "SantoBlue won by resignation"]

1. c4 c6 2. e4 d5 3. exd5 cxd5 4. d4 Nf6 5. Nf3 g6 6. Nc3 Bg7 7. Bg5 O-O 8. Bxf6 Bxf6 9. Nxd5 Bg7 10. Nc3 Bg4 11. Be2 Nc6 12. d5 Bxf3 13. Bxf3 Ne5 14.
Be2 Rc8 15. Qb3 Qc7 16. O-O Nxc4 17. Bxc4 Qxc4 18. Qxb7 Rb8 19. Qxe7 Rxb2 20. Ne4 Qxd5 21. Rad1 Qxa2 22. Rd7 Rb1 23. Rxa7 Rxf1+ 24. Kxf1 Qc4+ 25. Ke1 Rb8 26. Nd2 Bc3 27. Rb7 Bxd2+ 28. Kxd2 Qd5+ 29. Ke3 Qxb7 0-1

[Event "Late-Titled-Tuesday-Blitz-January-30-2024"]
[Site "Chess.com"]
[Date "2024.01.30"]
[Round "4"]
[White "HajiyevKanan"]
[Black "elchacal664"]
[Result "0-1"]
[WhiteElo "2565"]
[BlackElo "2413"]
[TimeControl "180+1"]
[EndTime "14:35:49 PST"]
[Termination "elchacal664 won by resignation"]

1. d4 Nf6 2. Nf3 d5 3. c4 e6 4. cxd5 exd5 5. Nc3 Be7 6. Qc2 O-O 7. Bg5 c5 8. Bxf6 Bxf6 9. dxc5 Nc6 10. e3 Bg4 11. Bd3 Bxf3 12. Bxh7+ Kh8 13. gxf3 d4 14. O-O-O Qa5 15.
exd4 Nxd4 16. Rxd4 Bxd4 17. Qf5 Qxc5 18. Qh3 Qg5+ 19. Kc2 Qh6 20. Qxh6 gxh6 21. Bf5 Bxf2 22. Ne4 Bb6 23. h4 Rad8 24. h5 Rg8 25. Bg4 Rd5 26. b4 f5 27. Nf6 Rc8+ 28. Kb1 Rd4 0-1

[Event "Late-Titled-Tuesday-Blitz-January-30-2024"]
[Site "Chess.com"]
[Date "2024.01.30"]
[Round "4"]
[White "alexrustemov"]
[Black "SHIVACalypso"]
[Result "0-1"]
[WhiteElo "2765"]
[BlackElo "2483"]
[TimeControl "180+1"]
[EndTime "14:35:53 PST"]
[Termination "SHIVACalypso won by checkmate"]

1. d4 Nf6 2. c4 e6 3. Nf3 d5 4. Bg5 dxc4 5. Nc3 c5 6. e3 cxd4 7. exd4 a6 8. Bxc4 b5 9. Bb3 Be7 10. O-O Bb7 11. Qe2 O-O 12. Rfe1 h6 13. Bh4 Nbd7 14. Ne5 Nxe5 15. dxe5 Nd5 16. Bxd5 Bxd5 17. Bxe7 Qxe7 18. Nxd5 exd5 19. Rad1 Rfd8 20. f4 d4 21. Qe4 Qc5 22. Rd3 Rac8 23. f5 Rd5 24. e6 Rxf5 25. e7 Re8 26. Rxd4 Rxe7 27. Qa8+ Kh7 28. Rd1 Qxd4+ 29. Rxd4 Re1# 0-1

[Event "Late-Titled-Tuesday-Blitz-January-30-2024"]
[Site "Chess.com"]
[Date "2024.01.30"]
[Round "4"]
[White "RebecaJimnz"]
[Black "Road2GM3000"]
[Result "0-1"]
[WhiteElo "2307"]
[BlackElo "2502"]
[TimeControl "180+1"]
[EndTime "14:35:53 PST"]
[Termination "Road2GM3000 won by resignation"]

1. e4 c5 2. Nc3 d6 3. g3 g6 4.
Bg2 Bg7 5. d3 Nc6 6. Be3 e5 7.
Qd2 Nd4 8. Nge2 Ne7 9. O-O Be6 10.
f4 Qd7 11. a4 h5 12. Nd5 Nxd5 13. exd5 Bh3 14. Nc3 h4 15. Rae1 hxg3 16. hxg3 Qg4 17. fxe5 Bxe5 18. Bf4 O-O-O 19. Rxe5 dxe5 20. Bxe5 Rhe8 21. Bxd4 Qxd4+ 22. Kh2 Bxg2 23. Qxg2 Rh8+ 0-1

[Event "Late-Titled-Tuesday-Blitz-January-30-2024"]
[Site "Chess.com"]
[Date "2024.01.30"]
[Round "4"]
[White "Sebastian"]
[Black "Korchmar_Vasiliy"]
[Result "1-0"]
[WhiteElo "2954"]
[BlackElo "2717"]
[TimeControl "180+1"]
[EndTime "14:36:14 PST"]
[Termination "Sebastian won on time"]

1. e4 c5 2. Nf3 d6 3. d4 cxd4 4. Nxd4 Nf6 5. Nc3 Nc6 6. Bg5 Bd7 7. Qd2 a6 8. O-O-O e6 9. Kb1 Be7 10. Nxc6 Bxc6 11. f3 b5 12. h4 h6 13. Be3 Qc7 14. Ne2 e5 15. Nc3 Rc8 16. g4 b4 17. Nd5 Nxd5 18. exd5 Bb5 19. g5 hxg5 20. hxg5 Rxh1 21. Bxb5+ axb5 22. Rxh1 Qc4 23. b3 Qc3 24. Qe2 Rb8 25.
f4 Kd7 26. Bc1 1-0

[Event "Late-Titled-Tuesday-Blitz-January-30-2024"]
[Site "Chess.com"]
[Date "2024.01.30"]
[Round "4"]
[White "SnekkerAndersen"]
[Black "esrosenberg"]
[Result "1-0"]
[WhiteElo "2629"]
[BlackElo "2423"]
[TimeControl "180+1"]
[EndTime "14:36:15 PST"]
[Termination "SnekkerAndersen won by resignation"]

1. d4 d5 2. c4 e6 3. Nf3 c5 4.
cxd5 exd5 5. g3 Nf6 6. Bg2 Nc6 7.
O-O Be7 8. dxc5 Bxc5 9. b3 Ne4 10.
Bb2 Be7 11. Bxg7 Bf6 12. Bxh8 Bxh8 13. Nbd2 Bf5 14. Nxe4 Bxe4 15. Rc1 Qd7 16. Ng5 Bxg2 17. Kxg2 O-O-O 18. b4 Kb8 19. b5 Ne5 20. Nf3 Nc4 21. a4 h5 22. Qd3 Ne5 23. Nxe5 Bxe5 24. Rfd1 d4 25. Rc5 Qe7 26. Qc4 h4 27. Rc1 h3+ 28.
Kg1 1-0

[Event "Late-Titled-Tuesday-Blitz-January-30-2024"]
[Site "Chess.com"]
[Date "2024.01.30"]
[Round "4"]
[White "igorknyazev"]
[Black "Iuckyducky"]
[Result "1-0"]
[WhiteElo "2130"]
[BlackElo "2281"]
[TimeControl "180+1"]
[EndTime "14:36:17 PST"]
[Termination "igorknyazev won by resignation"]

1. e4 c5 2. c3 d5 3. exd5 Qxd5 4. Nf3 Nc6 5. Na3 Nf6 6. Nb5 Qd8 7. d4 a6 8. Na3 cxd4 9. Nxd4 Nxd4 10. Qxd4 Qxd4 11. cxd4 g6 12. Nc4 Be6 13. Bg5 Bg7 14. Be2 Rd8 15. Rd1 b5 16. Ne5 Bxa2 17. Ra1 Be6 18. Rxa6 O-O 19.
Nc6 Rd7 20. Bxb5 Rb7 21. Ra5 Bd5 22. O-O Bxc6 23. Bxc6 Rxb2 24. d5 Ne4 25. Bxe7 Re8 26. Bxe8 1-0

[Event "Late-Titled-Tuesday-Blitz-January-30-2024"]
[Site "Chess.com"]
[Date "2024.01.30"]
[Round "4"]
[White "Giantgoogachess"]
[Black "bazar-wokzal"]
[Result "0-1"]
[WhiteElo "2402"]
[BlackElo "2597"]
[TimeControl "180+1"]
[EndTime "14:36:19 PST"]
[Termination "bazar-wokzal won on time"]

1. d4 Nf6 2. c4 Nc6 3. Nf3 e6 4. a3 g6 5. Nc3 Bg7 6. e4 d6 7. Be2 O-O 8. O-O e5 9. Be3 Ng4 10. Bg5 f6 11. Bc1 f5 0-1

[Event "Late-Titled-Tuesday-Blitz-January-30-2024"]
[Site "Chess.com"]
[Date "2024.01.30"]
[Round "4"]
[White "masnyszachistaaa"]
[Black "Cubitas"]
[Result "1-0"]
[WhiteElo "2555"]
[BlackElo "2720"]
[TimeControl "180+1"]
[EndTime "14:36:23 PST"]
[Termination "masnyszachistaaa won by resignation"]

1. e4 e6 2. Qe2 c5 3. Nf3 Nc6 4. g3 Be7 5. Bg2 Nf6 6. O-O d5 7. exd5 Nxd5 8. Rd1 Bf6 9. Nc3 Nxc3 10. dxc3 Qe7 11.
Bf4 e5 12. Be3 Bd7 13. Nd2 O-O 14. Ne4 b6 15. Nxf6+ gxf6 16. Qh5 f5 17. Rxd7 Qxd7 18. Qg5+ 1-0

[Event "Late-Titled-Tuesday-Blitz-January-30-2024"]
[Site "Chess.com"]
[Date "2024.01.30"]
[Round "4"]
[White "rikchessmx"]
[Black "ninguno46"]
[Result "0-1"]
[WhiteElo "2324"]
[BlackElo "2520"]
[TimeControl "180+1"]
[EndTime "14:36:25 PST"]
[Termination "ninguno46 won by resignation"]

1. e4 c5 2. Nf3 Nc6 3. d4 cxd4 4. Nxd4 g6 5. Nxc6 bxc6 6. Qd4 Nf6 7. e5 Nd5 8. e6 f6 9. exd7+ Qxd7 10. Bc4 Nb6 11. Qxd7+ Bxd7 12. Bd3 e5 13. f4 Bd6 14. fxe5 Bxe5 15. Nd2 O-O 16. Nf3 Bd6 17. Bh6 Rfe8+ 18. Kf1 Nd5 19. Bc4 Be6 20. Bb3 g5 21. Nd4 Ne3+ 22.
Kf2 Bxb3 23. cxb3 Ng4+ 24. Kf3 Nxh6 25. Nxc6 g4+ 26. Kf2 Bc5+ 27. Kg3 Re3+ 28. Kh4 Re4 29. a3 Kg7 30. b4 Kg6 31. Rhf1 Bd6 32. Rad1 Bf4 33.
Ne7+ Rxe7 34. Rxf4 Nf5+ 0-1

[Event "Late-Titled-Tuesday-Blitz-January-30-2024"]
[Site "Chess.com"]
[Date "2024.01.30"]
[Round "4"]
[White "biostatistician"]
[Black "Szparu"]
[Result "0-1"]
[WhiteElo "2558"]
[BlackElo "2783"]
[TimeControl "180+1"]
[EndTime "14:36:31 PST"]
[Termination "Szparu won by resignation"]

1. d4 d5 2. c4 e6 3. Nc3 c6 4. e4 Bb4 5. exd5 exd5 6. cxd5 cxd5 7. Nf3 Ne7 8. Bb5+ Nbc6 9. O-O O-O 10. Bg5 h6 11.
Bh4 Bg4 12. a3 Bxf3 13. Qxf3 Nxd4 14. Qd3 Bxc3 15. bxc3 Ndf5 16. Bxe7 Nxe7 17. Rfe1 Qc7 18. Rad1 Rad8 19. Qe3 Nf5 20. Qxa7 Ra8 0-1

[Event "Late-Titled-Tuesday-Blitz-January-30-2024"]
[Site "Chess.com"]
[Date "2024.01.30"]
[Round "4"]
[White "azikom"]
[Black "rdarruda"]
[Result "1/2-1/2"]
[WhiteElo "2728"]
[BlackElo "2547"]
[TimeControl "180+1"]
[EndTime "14:36:38 PST"]
[Termination "Game drawn by repetition"]

1. d4 Nf6 2. c4 e5 3. Nc3 exd4 4. Qxd4 Nc6 5. Qd2 Bb4 6. f3 d5 7. cxd5 Nxd5 8. a3 Nxc3 9. axb4 Qxd2+ 10. Bxd2 Nd5 11.
b5 Nd4 12. Ra4 Ne6 13. e4 Nb6 14. Ra3 Bd7 15. Be3 O-O 16. Nh3 c6 17. bxc6 Bxc6 18. Be2 Rfd8 19. Kf2 Nd4 20. Bd3 Nb5 21. Rb3 Nd4 22.
Ra3 Nb5 23. Rb3 Nd4 24. Ra3 1/2-1/2